cohdb
Replays
Latest Replays
All Replays
Popular Replays
Top Player Replays
Match Explorer
How It Works
Community
CoH3 Stats
Reddit
Sign in to upload your games and track your stats! →
Sign in with Steam
GG that p3 blob was insane
Match 19755449
Overview
Messages
Build Orders
End
Vickers Machine Gun Team
Construct Section Command Post
Selects Air and Sea Battlegroup
Infantry Section
Infantry Section
Infantry Section
Construct Platoon Command Post
Selects Supply Surplus
Construct Field Infirmary
ML 3-inch Mortar Team
CMP 15cwt Truck
Selects Commando Section Paradrop
Selects M1 Pack Howitzer Paradrop
M1 Pack Howitzer Paradrop
M1 Pack Howitzer Paradrop
Selects Anti-tank Rocket Loiter
Anti-tank Rocket Loiter
Construct Company Command Post
Anti-tank Rocket Loiter
Selects Centaur Medium Tank
Unlock Towed 17-pounder Anti-tank Guns
Unlock M3 Grant Medium Tanks
17-pounder Anti-tank Gun Team
Anti-tank Rocket Loiter
Matilda II Heavy Tank
Selects Naval Bombardment
Matilda II Heavy Tank
Armored Vehicle Training
Anti-tank Rocket Loiter
Marowi
Adult Asthma Is A Choice
My body, My Choice
Vetkin
BorzoiWitcher
Dakerque
WilllTHENOOBz
2nd Infantry Divison
0
0
Comments
sign in to comment!
No comments posted yet!